 Dungeon Crawl Stone Soup version 0.30.0-20-g3615ddf2f0 (webtiles) character file.

Game seed: 16601936247212149907

774 qw the Blocker (level 7, -1/41 HPs)
             Began as a Gargoyle Fighter on June 1, 2023.
             Slain by a white imp (5 damage)
             ... summoned by Eustachio
             ... on level 5 of the Dungeon.
             The game lasted 00:01:58 (3620 turns).

qw the Blocker (Gargoyle Fighter)                   Turns: 3620, Time: 00:01:58

Health: -1/41      AC: 13    Str: 21    XL:     7   Next: 84%
Magic:  7/7        EV:  7    Int:  9    God:
Gold:   245        SH: 14    Dex:  9    Spells: 6/6 levels left

rFire   . . .        Y - +1 war axe
rCold   . . .        e - +0 tower shield
rNeg    + . .        b - +0 scale mail
rPois   inf          i - +0 helmet
rElec   +            (no cloak)
rCorr   .            j - +0 pair of gloves
SInv    .            (no boots)
Will    .....        f - amulet of the acrobat Stlth
                     (no ring)
HPRegen 0.26/turn    (no ring)
MPRegen 0.10/turn

%: acrobat
@: about to teleport
A: sickness immunity, AC +4, negative energy resistance 1, electricity
resistance, torment resistance 1, petrification resistance
a: no special abilities


You were on level 5 of the Dungeon.
You visited 1 branch of the dungeon, and saw 5 of its levels.

You collected 245 gold pieces.


Innate Abilities, Weirdness & Mutations

You are immune to sickness and miasma.
Your stone body is resilient. (AC +4)
You are immune to poison.
You resist negative energy. (rN+)
You are resistant to electric shocks. (rElec)
You are resistant to unholy torment.
You are immune to petrification.


   Skills:
 - Level 3.2 Fighting
 + Level 4.7 Axes
 - Level 3.2 Armour
 - Level 8.2 Shields


You had 6 spell levels left.
You didn't know any spells.
Your spell library was empty.

Inventory:

Hand Weapons
 h - a +0 mace
 Y - a +1 war axe (weapon)
Armour
 b - a +0 scale mail (worn)
 e - a +0 tower shield (worn)
 i - a +0 helmet (worn)
 j - a +0 pair of gloves (worn)
 p - a scarf of resistance
Jewellery
 f - an amulet of the acrobat (around neck)
 o - a ring of fire
Scrolls
 m - a scroll of identify
Potions
 a - a potion of resistance
 c - a potion of flight {unknown}
 d - 2 potions of might
 g - a potion of cancellation
 k - a potion of lignification
 l - a potion of curing

Dungeon Overview and Level Annotations

Branches:
Dungeon (5/15)
 Temple: D:4-7

Altars:
Fedhas
Hepliaklqana
Sif Muna
Trog
Xom
The Shining One

Shops:
D:1 *

Annotations:
D:5 Eustachio


Message History

You hit the gnoll.
You kill the gnoll!
The gnoll hits you from afar with a +0 spear.
3614 ||| READING 2 scrolls of teleportation.
As you read the scroll of teleportation, it crumbles to dust.
You feel strangely unstable. The gnoll hits you but does no damage.
You block the gnoll's attack.
Items here: )) [[.
Enter note:
Enter note: You closely miss the gnoll.
Your surroundings suddenly seem different.
A worm and 3 orcs come into view.
Found a fuming green potion.
The orc shouts! x2
Eustachio the Magnificent comes into view.
He is wielding a +0 falchion.
Enter note:
Enter note: Eustachio shouts!
You hit the orc.
The orc is lightly wounded.
Eustachio casts a spell.
Eustachio blinks!
The orc closely misses you.
You slash the orc!
You kill the orc!
You closely miss Eustachio. Eustachio hits you with a +0 falchion.
Eustachio casts a spell.
You block the orc's attack.
3619 ||| READING scroll of teleportation.
As you read the scroll of teleportation, it crumbles to dust.
You feel strangely unstable. Eustachio hits you but does no damage.
The orc hits you but does no damage. The white imp barely misses you.
You barely miss Eustachio. You hit the orc but do no damage.
You hit the white imp but do no damage. You closely miss the orc.
You block Eustachio's attack. You block the orc's attack.
The orc closely misses you. The white imp hits you. The white imp freezes you.
You die...

#.........#
#.........##
#...........
#.........#
#.........#
#....w....#
#.!@oo....#
#@# #.....5#
#.######


You could see Eustachio, a worm, a white imp (summoned) and 2 orcs.

Vanquished Creatures
  Prince Ribbit (D:5)
  3 scorpions
  2 orc priests
  Ijyb (D:5)
  2 iguanas (D:5)
  3 orc wizards
  Robin (D:4)
  7 gnolls
  An adder (D:2)
  A worm (D:2)
  2 dart slugs
  14 orcs
  8 ball pythons
  6 bats
  6 endoplasms
  4 giant cockroaches
  10 goblins
  10 hobgoblins
  4 jackals (D:2)
  3 kobolds
  2 quokkas (D:1)
  2 frilled lizards (D:3)
  3 rats
96 creatures vanquished.

Notes
Turn   | Place    | Note
-------+----------+-------------------------------------------
     0 | D:1      | qw the Gargoyle Fighter began the quest for the Orb.
     0 | D:1      | Reached XP level 1. HP: 14/14 MP: 1/1
     0 | D:1      | 0 ||| qw: Version: 0.2-a-102-gfc559e5
     0 | D:1      | 0 ||| qw: Game counter: 667
     0 | D:1      | 0 ||| qw: Always use a shield: true
     0 | D:1      | 0 ||| qw: God list: Okawaru
     0 | D:1      | 0 ||| qw: Allow faded altars: false
     0 | D:1      | 0 ||| qw: Do Orc after D:15 true
     0 | D:1      | 0 ||| qw: Do second Lair branch before Depths: true
     0 | D:1      | 0 ||| qw: Lair rune preference: random
     0 | D:1      | 0 ||| qw: Plans: Normal, Zot:1-4, Slime:5, God:TSO, Crypt,
                  | Tomb, Pan, Hells, Abyss, Win
     0 | D:1      | 0 ||| PLANNING D:1-11
     4 | D:1      | Found Siuqyexo's General Store.
    16 | D:1      | 16 ||| SHOPLISTING +0 club (13 gold, have 0).
    16 | D:1      | 16 ||| SHOPLISTING scroll of enchant armour (97 gold, have
                  | 0).
    79 | D:1      | 79 ||| Stepping ~*~*~tactically~*~*~ (hiding).
   149 | D:1      | Reached XP level 2. HP: 19/19 MP: 2/2
   342 | D:1      | 342 ||| Stepping ~*~*~tactically~*~*~ (stealth).
   395 | D:1      | Reached skill level 3 in Axes
   395 | D:1      | Reached XP level 3. HP: 18/23 MP: 3/3
   583 | D:1      | 583 ||| UPGRADING to +0 tower shield.
   593 | D:1      | 593 ||| DROPPING +0 buckler.
   594 | D:1      | 594 ||| UPGRADING to amulet of the acrobat.
   599 | D:1      | 599 ||| READING scroll labelled IMUWIKKERA.
  1037 | D:2      | Reached skill level 4 in Shields
  1216 | D:2      | 1216 ||| READING 2 scrolls labelled LEIKKIEZARCH.
  1217 | D:2      | 1217 ||| READING scroll labelled KUATWICO HEZOQIMO.
  1218 | D:2      | 1218 ||| DROPPING scroll of magic mapping.
  1254 | D:3      | Reached XP level 4. HP: 28/28 MP: 4/4
  1404 | D:3      | 1404 ||| Stepping ~*~*~tactically~*~*~ (stealth).
  1559 | D:3      | 1559 ||| Stepping ~*~*~tactically~*~*~ (stealth).
  1561 | D:3      | 1561 ||| Stepping ~*~*~tactically~*~*~ (hiding).
  1562 | D:3      | 1562 ||| Stepping ~*~*~tactically~*~*~ (hiding).
  1563 | D:3      | 1563 ||| Stepping ~*~*~tactically~*~*~ (hiding).
  1774 | D:3      | Found a bloodstained altar of Trog.
  1811 | D:3      | Found a hazy altar of Hepliaklqana.
  1849 | D:3      | 1849 ||| UPGRADING to +0 pair of gloves.
  1854 | D:3      | 1854 ||| READING 4 scrolls labelled QEVYOX WEMO.
  1855 | D:3      | 1855 ||| READING 2 scrolls labelled VEWIBL AR ORCH.
  1858 | D:3      | 1858 ||| READING scroll labelled FUUCZE SITUUZ.
  1859 | D:3      | 1859 ||| DRINKING 2 sedimented black potions.
  1860 | D:3      | 1860 ||| DRINKING 2 bubbling dark potions.
  1898 | D:3      | 1898 ||| READING 3 scrolls of identify.
  1898 | D:3      | 1898 ||| IDENTIFYING golden potion
  1899 | D:3      | 1899 ||| READING 2 scrolls of identify.
  1899 | D:3      | 1899 ||| IDENTIFYING silvery potion
  1900 | D:3      | 1900 ||| DROPPING potion of degeneration.
  1901 | D:3      | 1901 ||| DROPPING potion of brilliance.
  2100 | D:4      | Found a shimmering blue altar of Sif Muna.
  2187 | D:4      | 2187 ||| Stepping ~*~*~tactically~*~*~ (hiding).
  2190 | D:4      | 2190 ||| Stepping ~*~*~tactically~*~*~ (hiding).
  2191 | D:4      | 2191 ||| Stepping ~*~*~tactically~*~*~ (hiding).
  2206 | D:4      | 2206 ||| Stepping ~*~*~tactically~*~*~ (stealth).
  2207 | D:4      | 2207 ||| Stepping ~*~*~tactically~*~*~ (stealth).
  2209 | D:4      | 2209 ||| Stepping ~*~*~tactically~*~*~ (hiding).
  2248 | D:4      | Reached skill level 5 in Shields
  2248 | D:4      | Reached XP level 5. HP: 17/32 MP: 5/5
  2383 | D:4      | Found a glowing golden altar of the Shining One.
  2487 | D:4      | Found a shimmering altar of Xom.
  2577 | D:4      | 2577 ||| READING scroll labelled UNOCRIO LEXEUGG.
  2578 | D:4      | 2578 ||| READING scroll labelled BITUXT ISADYO.
  2679 | D:4      | 2679 ||| READING scroll labelled PANASME AZOA.
  2680 | D:4      | 2680 ||| READING 2 scrolls of identify.
  2680 | D:4      | 2680 ||| IDENTIFYING glowing yellow potion
  2688 | D:4      | 2688 ||| STAIRDANCE
  2756 | D:4      | Reached skill level 6 in Shields
  3000 | D:4      | 3000 ||| Stepping ~*~*~tactically~*~*~ (stealth).
  3007 | D:4      | Reached XP level 6. HP: 37/37 MP: 6/6
  3008 | D:4      | 3008 ||| Stepping ~*~*~tactically~*~*~ (stealth).
  3016 | D:4      | 3016 ||| Stepping ~*~*~tactically~*~*~ (hiding).
  3019 | D:4      | Noticed Robin
  3025 | D:4      | Killed Robin
  3129 | D:4      | 3129 ||| UPGRADING to +0 helmet.
  3134 | D:4      | 3134 ||| DRINKING 2 brown potions.
  3138 | D:4      | 3138 ||| STAIRDANCE
  3179 | D:5      | Entered Level 5 of the Dungeon
  3186 | D:5      | Noticed Prince Ribbit
  3202 | D:5      | Reached skill level 7 in Shields
  3211 | D:5      | 3211 ||| FLEEEEING.
  3212 | D:5      | 3212 ||| FLEEEEING.
  3213 | D:5      | 3213 ||| STAIRDANCE
  3339 | D:5      | Noticed Ijyb
  3349 | D:5      | Paralysed by Ijyb for 2 turns
  3352 | D:5      | Killed Ijyb
  3353 | D:5      | Reached XP level 7. HP: 39/41 MP: 7/7
  3376 | D:5      | 3376 ||| FLEEEEING.
  3380 | D:5      | 3380 ||| STAIRDANCE
  3456 | D:5      | Killed Prince Ribbit
  3457 | D:5      | Reached skill level 8 in Shields
  3465 | D:5      | Found a blossoming altar of Fedhas.
  3589 | D:5      | 3589 ||| Stepping ~*~*~tactically~*~*~ (stealth).
  3591 | D:5      | 3591 ||| Stepping ~*~*~tactically~*~*~ (stealth).
  3613 | D:5      | HP: 10/41 [gnoll/+0 spear (3)]
  3614 | D:5      | 3614 ||| READING 2 scrolls of teleportation.
  3616 | D:5      | Noticed Eustachio
  3618 | D:5      | HP: 6/41 [Eustachio/+0 falchion (6)]
  3619 | D:5      | 3619 ||| READING scroll of teleportation.
  3620 | D:5      | Slain by a white imp

Levels and vault maps discovered:
D:1:      reono_arrival_forest_river, layout_basic, serial_shops, shop
D:2:      layout_basic
D:3:      layout_rooms, nicolae_overflow_hidden_temple,
          nicolae_hepliaklqana_hazy_memory
D:4:      layout_loops_corners, nicolae_tso_swordbearing_angel,
          lemuel_blue_sif_altar, tgw_xom, uniq_robin
D:5:      layout_loops_ring, gammafunk_temple_overflow_pools,
          mainiacjoe_overflow_small_starburst, serial_shops, shop_coins, shop,
          minmay_holes, uniq_prince_ribbit1, uniq_ijyb, uniq_eustachio

Skill      XL: |  1  2  3  4  5  6  7 |
---------------+----------------------+-----
Axes           | 2 3 4 |  4.7
Shields        | 4 5 6 7 8 |  8.2
Fighting       | |  3.2
Armour         | |  3.2

Action                     |  1- 3 |  4- 6 |  7- 9 || total
---------------------------+-------+-------+-------++-------
  Melee: War axe           |    86 |   176 |    43 ||   305
  Throw: Boomerang         |       |    21 |     9 ||    30
    Use: Scroll            |     3 |     9 |     2 ||    14
         Potion            |       |     3 |       ||     3
 Armour: Scale mail        |    48 |    83 |    32 ||   163
  Dodge: Dodged            |    20 |    36 |    15 ||    71
  Block: Buckler           |     2 |       |       ||     2
         Tower shield      |    52 |   119 |    41 ||   212

Table legend:
 A = Non-vault XP
 B = Vault XP
 C = Vault XP percentage of total XP
 D = Non-vault monster count
 E = Vault monster count
 F = Vault count percentage of total count
                 A         B        C        D         E       F
            +---------+---------+-------+---------+---------+-------
      Total |     694 |     412 |  37.3 |      82 |      14 |  14.6
            +---------+---------+-------+---------+---------+-------
        D:1 |      37 |       0 |   0.0 |      13 |       0 |   0.0
        D:2 |      40 |       0 |   0.0 |      13 |       0 |   0.0
        D:3 |      34 |       0 |   0.0 |      20 |       0 |   0.0
        D:4 |     207 |      85 |  29.1 |      21 |      12 |  36.4
        D:5 |     376 |     327 |  46.5 |      15 |       2 |  11.8
            +---------+---------+-------+---------+---------+-------
